 Dungeon Crawl Stone Soup version 0.21-a0-525-ga34b322 (webtiles) character file.

48 kibaces the Skirmisher (level 3, -5/33 HPs)
             Began as a Draconian Fighter on Dec 7, 2017.
             Slain by a wyvern zombie (12 damage)
             ... on level 2 of the Dungeon.
             The game lasted 00:02:45 (1168 turns).

kibaces the Skirmisher (Draconian Fighter)          Turns: 1168, Time: 00:02:46

Health: -5/33      AC:  5    Str: 19    XL:     3   Next: 50%
Magic:  3/3        EV: 10    Int:  8    God:
Gold:   51         SH:  9    Dex: 10    Spells: 2/2 levels left

rFire    . . .     SeeInvis .   a - +0 long sword
rCold    . . .     Gourm    .   b - +0 shield
rNeg     . . .     Faith    .   (armour unavailable)
rPois    .         Spirit   .   (helmet restricted)
rElec    .         Reflect  .   (no cloak)
rCorr    .         Harm     .   (no gloves)
MR       .....                  (no boots)
Stlth    +.........             (no amulet)
HPRegen  0.11/turn              (no ring)
MPRegen  0.08/turn              (no ring)

@: no status effects
A: unfitting armour, cold-blooded, AC +5
a: no special abilities


You were on level 2 of the Dungeon.
You were not hungry.

You visited 1 branch of the dungeon, and saw 2 of its levels.

You collected 51 gold pieces.

Inventory:

Hand Weapons
 a - a +0 long sword (weapon)
Armour
 b - a +0 shield (worn)
Scrolls
 f - 2 scrolls of magic mapping {unknown}
 g - 2 scrolls of remove curse {unknown}
 h - 2 scrolls of identify {unknown}
 i - a scroll of teleportation {unknown}
 n - a scroll of blinking {unknown}
 o - a scroll of amnesia {unknown}
Potions
 c - a potion of might
 e - a potion of ambrosia {unknown}
 j - 2 potions of flight {unknown}
 l - a potion of haste {unknown}
 p - a potion of mutation {unknown}
Comestibles
 d - a bread ration
 m - a meat ration


   Skills:
 + Level 3.6 Fighting
 + Level 2.9 Long Blades
 + Level 3.1 Dodging
 + Level 3.3 Shields


You had 2 spell levels left.
You didn't know any spells.

Dungeon Overview and Level Annotations

Branches:
Dungeon (2/15)

Altars:


Innate Abilities, Weirdness & Mutations

Your plain brown scales are hard. (AC +5)
You cannot fit into any form of body armour.
You are cold-blooded and may be slowed by cold attacks.


Message History

You barely miss the wyvern zombie.
The wyvern zombie is heavily damaged.
The wyvern zombie closely misses you.
You riposte.
Your shield prevents you from hitting the wyvern zombie.
The wyvern zombie is heavily damaged.
The wyvern zombie bites you but does no damage.
You slash the wyvern zombie!
The wyvern zombie is severely damaged.
The wyvern zombie barely misses you.
You riposte.
You slash the wyvern zombie!
The wyvern zombie is almost destroyed.
You barely miss the wyvern zombie.
The wyvern zombie is almost destroyed.
The wyvern zombie closely misses you.
The wyvern zombie completely misses you.
A jackal comes into view.
The jackal barks!
You hit the wyvern zombie.
The wyvern zombie is almost destroyed.
The wyvern zombie bites you!
You die...

#..#.≈≈.#.##.##.#....#.
#..##≈≈###..###......#.
.###############......#
......................#
..>...................#
.....................##
..............#.........
#h>...Z##.......##..###
######@.##......# .##
##.......#...>....#
##................#
#.................#
#..................
#.......[..........
##...............#
#############...#..........#
...........................#


You could see a wyvern zombie and a jackal.

Vanquished Creatures
  A worm (D:2)
  A dart slug (D:1)
  A leopard gecko (D:2)
  3 bats
  2 giant cockroaches
  4 goblins
  10 hobgoblins
  2 jackals (D:2)
  A quokka (D:2)
  3 frilled lizards
  6 kobolds
  4 rats (D:1)
38 creatures vanquished.

Notes
Turn   | Place    | Note
-------+----------+-------------------------------------------
     0 | D:1      | kibaces the Draconian Fighter began the quest for the Orb.
     0 | D:1      | Reached XP level 1. HP: 19/19 MP: 1/1
   103 | D:1      | Reached XP level 2. HP: 15/26 MP: 2/2
   753 | D:2      | Reached XP level 3. HP: 31/31 MP: 3/3
  1168 | D:2      | Slain by a wyvern zombie

Vault maps used:
D:1:      lightli_arrival_quake, minmay_tiny_reverse_x
D:2:      wad_river_or_something

Skill      XL: |  1  2 |
---------------+-------+-----
Dodging        | 3 |  3.1
Fighting       | |  3.6
Long Blades    | |  2.9
Shields        | |  3.3

Action                   || total
-------------------------++-------
Melee: Long sword        ||   118
       Tailslap          ||    15
 Stab: Sleeping          ||     1
  Eat: Chunk             ||     1
Armor: Skin              ||    31
Dodge: Dodged            ||    63
Block: Shield            ||    53
       Rpst.: Long sword ||    24

Table legend:
 A = Spawn XP
 B = Non-spawn XP
 C = Spawn XP percentage of total XP
 D = Spawn monster count
 E = Non-spawn monster count
 F = Spawn count percentage of total count
 G = Total turns spent on level
                    A         B        C        D         E        F      G
               +---------+---------+-------+---------+---------+-------+---------
         Total |       0 |      69 |   0.0 |       0 |      38 |   0.0 |  1168
               +---------+---------+-------+---------+---------+-------+---------
           D:1 |       0 |      40 |   0.0 |       0 |      24 |   0.0 |   749
           D:2 |       0 |      29 |   0.0 |       0 |      14 |   0.0 |   419
               +---------+---------+-------+---------+---------+-------+---------
